 Dungeon Crawl Stone Soup version 0.20-a0-795-ga03948b (webtiles) character file.

186 Alarkh the Ruffian (level 5, -3/46 HPs)
             Began as a Ghoul Monk on Mar 1, 2017.
             Slain by an orc
             ... wielding a +0 flail
              (4 damage)
             ... on level 3 of the Dungeon.
             The game lasted 00:02:48 (2472 turns).

Alarkh the Ruffian (Ghoul Monk)                     Turns: 2472, Time: 00:02:48

Health: -3/46      AC:  2    Str: 15    XL:     5   Next: 66%
Magic:  4/4        EV: 12    Int: 10    God:
Gold:   88         SH:  3    Dex: 11    Spells: 4/4 levels left

rFire    . . .     SeeInvis .     - Unarmed
rCold    + . .     Gourm    .   a - +0 robe
rNeg     + + +     Faith    .   j - +0 buckler
rPois    ∞         Spirit   .   (no helmet)
rElec    .         Reflect  .   (no cloak)
rCorr    .         Harm     .   (no gloves)
MR       .....                  (no boots)
Stlth    ++........             k - amulet of magic regeneration
Regen    0.0/turn               (no ring)
MPRegen  0.2/turn               p - +4 ring of intelligence

@: rotting
A: rotting body, claws 1, carnivore 3, cold resistance 1, negative energy
resistance 3, inhibited regeneration, torment resistance, unbreathing
a: no special abilities


You were on level 3 of the Dungeon.
You were not hungry.

You visited 1 branch of the dungeon, and saw 3 of its levels.

You collected 88 gold pieces.

Inventory:

Armour
 a - a +0 robe (worn)
 j - a +0 buckler (worn)
Jewellery
 k - an amulet of magic regeneration (around neck)
 p - a +4 ring of intelligence (left claw)
Scrolls
 d - 2 scrolls of teleportation {unknown}
 g - a scroll of recharging {unknown}
 i - 2 scrolls of remove curse {unknown}
 m - a scroll of enchant weapon {unknown}
 o - a scroll of identify {unknown}
Potions
 c - 3 potions of curing
 e - 2 potions of magic {unknown}
 h - a potion of mutation {unknown}
 l - a potion of heal wounds {unknown}
 n - a potion of resistance {unknown}
Comestibles
 b - a meat ration


   Skills:
 + Level 4.2 Fighting
 + Level 3.6 Dodging
 - Level 2.1 Stealth
 * Level 5.4 Unarmed Combat


You had 4 spell levels left.
You didn't know any spells.

Dungeon Overview and Level Annotations

Branches:
Dungeon (3/15)

Altars:
Makhleb
Vehumet
Xom


Innate Abilities, Weirdness & Mutations

Your body is rotting away.
You thrive on raw meat.
You are immune to poison.
You have sharp fingernails.
You are carnivorous and can eat meat at any time.
Your flesh is cold resistant. (rC+)
You are immune to negative energy. (rN+++)
You do not regenerate when monsters are visible.
You are immune to unholy pain and torment.
You can survive without breathing.


Message History

The orc is severely wounded.
The orc hits you with a flail.
* * * LOW HITPOINT WARNING * * *
You scratch the orc but do no damage.
The orc is severely wounded.
The orc hits you with a flail.
* * * LOW HITPOINT WARNING * * *
You barely miss the orc.
The orc is severely wounded.
You scratch the orc but do no damage.
The orc is severely wounded.
The orc closely misses you.
You scratch the orc.
The orc is severely wounded.
The orc hits you with a flail.
* * * LOW HITPOINT WARNING * * *
You closely miss the orc.
The orc is severely wounded.
The orc hits you with a flail.
You die...

## # #............##.....#
#...######............##....)#
.......).....................####
#.########.#...##...#.....#.....#
#......###.[............ #......#
#..............
#......###..............
##.....##o..............
#.....@oo..............
#.....###.............. #.....#
#...........[.. #...<.#
##........<.... #.....#
##.....#.....# #######
#############


You could see 3 orcs.

Vanquished Creatures
  A scorpion (D:3)
  7 adders
  2 worms
  3 leopard geckos
  2 orcs (D:3)
  4 giant cockroaches
  9 goblins
  5 hobgoblins
  3 jackals (D:1)
  A quokka (D:3)
  6 ball pythons
  6 bats
  6 frilled lizards
  6 kobolds
  5 rats
66 creatures vanquished.

Notes
Turn   | Place    | Note
-------+----------+-------------------------------------------
     0 | D:1      | Alarkh the Ghoul Monk began the quest for the Orb.
     0 | D:1      | Reached XP level 1. HP: 19/19 MP: 0/0
   434 | D:1      | Reached XP level 2. HP: 18/26 MP: 1/1
   966 | D:1      | Reached skill level 4 in Unarmed Combat
   966 | D:1      | Reached XP level 3. HP: 20/31 MP: 2/2
  1652 | D:2      | Found a shimmering altar of Xom.
  1909 | D:2      | Reached XP level 4. HP: 33/40 MP: 3/3
  2137 | D:3      | Found a radiant altar of Vehumet.
  2209 | D:3      | Found a burning altar of Makhleb.
  2331 | D:3      | Reached skill level 5 in Unarmed Combat
  2331 | D:3      | Reached XP level 5. HP: 3/46 MP: 4/4
  2333 | D:3      | HP: 1/46 [adder (2)]
  2362 | D:3      | HP: 1/46 [worm (10)]
  2468 | D:3      | HP: 2/46 [orc/flail (5)]
  2472 | D:3      | Slain by an orc

Vault maps used:
D:1:      dpeg_arrival_lava_temple_mockup
D:2:      first_bread, roderic_filled_cross, xom_teletrap_fun
D:3:      lemuel_coloured_pillars_altar, fiery_altar_vehumet,
          lightli_temple_of_fire, minmay_shallow_snake_nest

Skill      XL: |  1  2  3  4 |
---------------+-------------+-----
Dodging        | 3 |  3.6
Unarmed Combat | 4 5 |  5.4
Fighting       | 4 |  4.2
Stealth        | |  2.1

Action                   |  1- 3 |  4- 6 || total
-------------------------+-------+-------++-------
Melee: Unarmed           |   118 |   125 ||   243
       Punch             |     1 |       ||     1
  Use: Potion            |       |     1 ||     1
 Stab: Sleeping          |     2 |     2 ||     4
  Eat: Chunk             |     3 |    21 ||    24
Armor: Robe              |    24 |    22 ||    46
Dodge: Dodged            |    82 |    86 ||   168
Block: Buckler           |       |    18 ||    18
